 Dungeon Crawl Stone Soup version 0.31-a0-986-g5e6e4ef867 (webtiles) character file.

Game seed: 1607685328889421125

2258 lunkers the Grappler (level 9, -3/68 HPs)
             Began as a Meteoran Shapeshifter on Nov 16, 2023.
             Was a Believer of Okawaru.
             Slain by a gnoll sergeant
             ... wielding a +0 trident
              (12 damage)
             ... on level 8 of the Dungeon.
             The game lasted 00:11:03 (3169 turns).

lunkers the Grappler (Meteoran Shapeshifter)        Turns: 3169, Time: 00:11:03

Health: -3/68      AC: 14    Str: 18    XL:     9   Next: 96%
Magic:  12/13      EV:  9    Int: 11    God:    Okawaru [**....]
Gold:   269        SH:  0    Dex: 17    Spells: 8/8 levels left

rFire   + .          .
                       - Unarmed
rCold   . . .        (no shield)
rNeg    . . .        r - +1 plate armour
rPois   .            (helmet currently unavailable)
rElec   .            (cloak currently unavailable)
rCorr   +            (gloves currently unavailable)
SInv    .            (boots currently unavailable)
Will    +....        l - amulet of regeneration Stlth
                     i - ring of resist corrosion
HPRegen 1.11/turn    t - ring of protection from fire
MPRegen 0.13/turn

%: no passive effects
@: beast-form, heroic, glowing
A: beast (slay +4), sense surroundings 2, otherworldly, glowing, explore regen
a: Begin Untransformation, Renounce Religion, Heroism


You were on level 8 of the Dungeon.
You worshipped Okawaru.
Okawaru was pleased with you.
You were a hulking beast.
You visited 2 branches of the dungeon, and saw 9 of its levels.

You collected 269 gold pieces.

Inventory:

Armour
 a - a +0 animal skin
 f - a +0 ring mail
 r - a +1 plate armour (worn)
Jewellery
 h - a ring of fire
 i - a ring of resist corrosion (left hand)
 l - an amulet of regeneration (around neck)
 t - a ring of protection from fire (right hand)
Talismans
 c - a beast talisman
 d - a flux talisman
 n - a blade talisman
 v - a blade talisman
Scrolls
 e - 2 scrolls of identify
 p - a scroll of blinking {unknown}
 q - 2 scrolls of enchant weapon {unknown}
 s - 2 scrolls of enchant armour
 u - a scroll of acquirement {unknown}
Potions
 b - a potion of lignification
 g - 2 potions of curing
 j - a potion of invisibility
 k - a potion of mutation {unknown}
 m - a potion of attraction
 o - a potion of haste


   Skills:
 + Level 2.5(7.5) Fighting
 + Level 2.0(7.0) Armour
 + Level 3.1(8.1) Dodging
 * Level 11.3(16.3) Unarmed Combat
 + Level 4.5 Invocations
 + Level 7.9 Shapeshifting


You had 8 spell levels left.
You didn't know any spells.
Your spell library contained the following spells:

 Spells                   Type           Power      Damage    Failure   Level
 Poisonous Vapours        Pois/Air       0%         N/A       100%        2
 Mephitic Cloud           Conj/Pois/Air  0%         N/A       100%        3
 Freezing Cloud           Conj/Ice/Air   0%         6-21      100%        5


Dungeon Overview and Level Annotations

Branches:
Dungeon (8/15) Zot: 1747   Temple (1/1) D:5 Zot: 553
   Lair: D:8-11

Altars:
Ashenzari
Cheibriados
Dithmenos
Elyvilon
Fedhas
Gozag
Hepliaklqana
Kikubaaqudgha
Makhleb
Okawaru
Qazlal
Sif Muna
Uskayaw
Vehumet
Wu Jian
Xom
Yredelemnul
Zin


Innate Abilities, Weirdness & Mutations

You are a hulking beast.
Your limbs bulge with bestial killing power. (Slay +4)
You passively map the area around you.
You are easily found by Zot.
You glow in the dark.
You regain HP and MP as you explore.


Message History

The gnoll sergeant hits you but does no damage.
The gnoll hits you from afar with a +1 spear of flaming.
You punch the gnoll sergeant!
The gnoll sergeant is heavily wounded.
You hit the gnoll sergeant.
The gnoll sergeant is severely wounded.
The gnoll closely misses you.
The gnoll sergeant hits you with a +0 trident!
* * * LOW HITPOINT WARNING * * *
You barely miss the gnoll sergeant.
The gnoll sergeant is severely wounded.
The gnoll sergeant hits you with a +0 trident.
* * * LOW HITPOINT WARNING * * *
The gnoll sergeant hits you but does no damage.
The gnoll barely misses you.
The gnoll hits you from afar with a +1 spear of flaming.
* * * LOW HITPOINT WARNING * * *
The gnoll burns you.
* * * LOW HITPOINT WARNING * * *
You hit the gnoll sergeant.
The gnoll sergeant is almost dead.
The gnoll sergeant hits you but does no damage.
The gnoll closely misses you.
The gnoll hits you from afar with a +1 spear of flaming.
* * * LOW HITPOINT WARNING * * *
The gnoll sergeant hits you with a +0 trident!
* * * LOW HITPOINT WARNING * * *
You barely miss the gnoll sergeant.
The gnoll sergeant is almost dead.
The gnoll completely misses you. The gnoll hits you but does no damage.
The gnoll sergeant hits you with a +0 trident.
* * * LOW HITPOINT WARNING * * *
The gnoll sergeant hits you with a +0 trident.
* * * LOW HITPOINT WARNING * * *
The gnoll barely misses you. The gnoll hits you with a +0 club.
* * * LOW HITPOINT WARNING * * *
Okay, then.
You gain the combat prowess of a mighty hero.
The gnoll sergeant hits you with a +0 trident!
You die...

.....#.##.....##,#. , *
, *
.##....#.......#......
*,
.##....#.......#.....,,
, *
.##........_........ **
* .......#.....!.#...
.....#.#.......#g., ,
*, * *
.#####.##.....##g# # .
, * .#
#.####.####g#g#....,,,
## #..........hg.>....,
* .#
#....../..)gg...... ,
.# ########..##....##.
, ** .## ####*....# ..#
*#.### , .## ## ,, ## *
* # * , * ,*


You could see 2 gnoll sergeants and 5 gnolls.

Vanquished Creatures
  A water moccasin (D:7)
  An orc warrior (D:6)
  3 ice beasts
  An ogre (D:5)
  A phantom (D:7)
  A kobold brigand (D:7)
  3 bullfrogs
  3 scorpions (D:5)
  8 killer bees
  5 hounds
  A gnoll bouda (D:5)
  3 orc priests
  3 sleepcaps
  4 iguanas
  5 orc wizards
  7 gnolls
  6 adders
  A white imp (D:8)
  2 ufetubi (D:7)
  A worm (D:3)
  2 dart slugs
  22 orcs
  6 ball pythons
  6 endoplasms
  3 giant cockroaches
  7 goblins
  2 hobgoblins
  6 jackals
  10 kobolds
  A quokka (D:1)
  4 bats
  4 frilled lizards
  7 rats
140 creatures vanquished.

Vanquished Creatures (others)
  An orc wizard (D:4)
1 creature vanquished.

Grand Total: 141 creatures vanquished

Notes
Turn   | Place    | Note
-------+----------+-------------------------------------------
     0 | D:1      | lunkers the Meteoran Shapeshifter began the quest for the
                  | Orb.
     0 | D:1      | Reached XP level 1. HP: 16/16 MP: 2/2
     2 | D:1      | Noticed a meteoran
     2 | D:1      | Noticed a minotaur
     4 | D:1      | Noticed a ghoul
     4 | D:1      | Noticed a merfolk
     6 | D:1      | Noticed a troll
     6 | D:1      | Noticed an armataur
     8 | D:1      | Noticed a draconian
     8 | D:1      | Noticed an octopode
    10 | D:1      | Noticed an ogre
    12 | D:1      | Noticed a demigod
    12 | D:1      | Noticed an elf
    14 | D:1      | Noticed a vampire
    16 | D:1      | Noticed a vine stalker
    16 | D:1      | Noticed a formicid
    18 | D:1      | Noticed a spriggan
    18 | D:1      | Noticed a tengu
    20 | D:1      | Noticed a gargoyle
    20 | D:1      | Noticed a human
    22 | D:1      | Noticed a felid
    22 | D:1      | Noticed a naga
    24 | D:1      | Noticed a vampire
    24 | D:1      | Noticed a demonspawn
    26 | D:1      | Noticed a human
    26 | D:1      | Noticed a troll
    86 | D:1      | Reached XP level 2. HP: 23/23 MP: 3/3
   108 | D:1      | Reached skill level 4 in Unarmed Combat
   295 | D:1      | Reached XP level 3. HP: 28/28 MP: 4/4
   370 | D:2      | Found a burning altar of Makhleb.
   508 | D:2      | You fall into a shaft and drop 1 floor!
   601 | D:3      | Reached XP level 4. HP: 30/35 MP: 5/5
   621 | D:3      | Reached skill level 5 in Unarmed Combat
   630 | D:3      | Reached XP level 5. HP: 19/40 MP: 6/6
   781 | D:3      | Reached skill level 6 in Unarmed Combat
  1035 | D:4      | Reached XP level 6. HP: 32/47 MP: 7/7
  1092 | D:4      | Reached skill level 5 in Shapeshifting
  1317 | D:4      | Found a snail-covered altar of Cheibriados.
  1326 | D:4      | Reached skill level 7 in Unarmed Combat
  1346 | D:5      | Entered Level 5 of the Dungeon
  1364 | D:5      | Reached XP level 7. HP: 44/52 MP: 8/8
  1486 | D:5      | Reached skill level 8 in Unarmed Combat
  1584 | D:5      | Found a staircase to the Ecumenical Temple.
  1593 | Temple   | Entered the Ecumenical Temple
  1616 | Temple   | Became a worshipper of Warmaster Okawaru
  1678 | D:5      | Reached XP level 8. HP: 59/59 MP: 9/9
  1779 | D:5      | Reached skill level 9 in Unarmed Combat
  2372 | D:6      | Reached skill level 1 in Invocations
  2434 | D:6      | Reached * piety under Okawaru
  2591 | D:6      | Reached skill level 10 in Unarmed Combat
  2591 | D:6      | Gained mutation: You passively map the area around you.
                  | [Meteoran growth]
  2591 | D:6      | Reached XP level 9. HP: 37/64 MP: 11/11
  2648 | D:7      | Identified the "Ywocses"
  2858 | D:7      | Reached ** piety under Okawaru
  2859 | D:7      | Reached skill level 1 in Armour
  2880 | D:7      | Reached skill level 11 in Unarmed Combat
  3138 | D:8      | Found a basalt altar of Yredelemnul.
  3169 | D:8      | Slain by a gnoll sergeant

Illustrated notes

Levels and vault maps discovered:
D:1:      kb_arrival_jail, layout_basic
D:2:      layout_basic, basic_altar
D:3:      layout_basic
D:4:      layout_basic, cheibriados_altar_1, minitemple
D:5:      layout_loops_ring, temple_statues, kennysheep_generic_room_2
D:6:      layout_loops_corners, minmay_misc_feat_roman, uniq_jeremiah,
          uniq_crazy_yiuf_cottage
D:7:      corexii_shack_village, layout_loops_ring, trog_hazing_becter,
          dilly_guarded_unrand_throatcut, uniq_joseph
D:8:      layout_cave_pools, mainiacjoe_overflow_24_doors, old_standard_altar,
          kennysheep_just_a_vault
Temple:   kb_temple_of_zot

Skill      XL: |  1  2  3  4  5  6  7  8  9 |
---------------+----------------------------+-----
Unarmed Combat | 4 5 6 7 8 10 11 | 11.3
Shapeshifting  | 4 5 6 7 |  7.9
Invocations    | 2 4 |  4.5
Armour         | 2 |  2.0
Fighting       | 2 |  2.5
Dodging        | 3 |  3.1

Action                     |  1- 3 |  4- 6 |  7- 9 || total
---------------------------+-------+-------+-------++-------
  Melee: Unarmed           |    62 |   119 |   266 ||   447
         Punch             |     2 |     5 |    16 ||    23
 Invoke: Heroism           |       |       |     2 ||     2
    Use: Scroll            |       |       |    10 ||    10
 Armour: Animal skin       |    10 |       |       ||    10
         Ring mail         |    17 |    67 |    62 ||   146
         Plate armour      |       |       |   203 ||   203
  Dodge: Dodged            |    45 |    78 |   101 ||   224

Table legend: (Time is in decaauts)
 A = Elapsed time spent in this place.
 B = Non-inter-level travel time spent in this place.
 C = Inter-level travel time spent in this place.
 D = Time resting spent in this place.
 E = Time spent auto-exploring this place.
 F = Levels seen in this place.
 G = Mean time per level.
                   A        B        C        D        E       F      G
               +--------+--------+--------+--------+--------+-----+--------+
         Total |   3098 |   3056 |     42 |      0 |   2079 |   9 |  344.2 |
       Dungeon |   3051 |   3009 |     42 |      0 |   2079 |   8 |  381.4 |
        Temple |     46 |     46 |      0 |      0 |      0 |   1 |   46.0 |
               +--------+--------+--------+--------+--------+-----+--------+

Top non-repeatable levels by time:
     D:5: 726 daAuts
     D:6: 506 daAuts
     D:3: 436 daAuts
     D:4: 387 daAuts
     D:7: 360 daAuts
     D:1: 344 daAuts
     D:2: 159 daAuts
     D:8: 130 daAuts
  Temple: 46 daAuts
